 Dungeon Crawl Stone Soup version 0.28-a0-1395-g4f6bc678fa (webtiles) character file.

Game seed: 2878748067444562703

150 sanka the Vexing (level 5, 33/36 HPs)
             Began as a Demonspawn Enchanter on Jan 4, 2022.
             Quit the game on level 3 of the Dungeon.
             The game lasted 00:06:40 (5304 turns).

sanka the Vexing (Demonspawn Enchanter)             Turns: 5304, Time: 00:06:40

Health: 33/36      AC: 11    Str:  8    XL:     5   Next: 10%
Magic:  2/8        EV: 12    Int: 18    God:
Gold:   102        SH:  4    Dex: 14    Spells: 3/8 levels left

rFire   . . .      SeeInvis .   a - +1 dagger
rCold   . . .      Faith    .   (no shield)
rNeg    . . .      Spirit   .   b - +0 robe
rPois   .          Reflect  .   l - +2 helmet
rElec   .          Harm     .   (no cloak)
rCorr   .          Rampage  .   g - +0 pair of gloves
Will    .....                   (no boots)
Stlth   ++........              (no amulet)
HPRegen 0.12/turn               (no ring)
MPRegen 0.11/turn               (no ring)

@: no status effects
A: rugged brown scales 1, icemail 1, condensation shield
a: no special abilities


You were on level 3 of the Dungeon.
You visited 1 branch of the dungeon, and saw 3 of its levels.

You collected 102 gold pieces.


Innate Abilities, Weirdness & Mutations

You are partially covered in rugged brown scales. (AC +1, +3% HP)
A meltable icy envelope protects you from harm. (AC +4)
A meltable shield of frost defends you. (SH +4)


   Skills:
 + Level 2.7 Short Blades
 - Level 1.7 Dodging
 - Level 2.6 Stealth
 - Level 2.0 Spellcasting
 - Level 5.0 Hexes


You had 3 spell levels left.
You knew the following spells:

 Your Spells              Type           Power      Damage    Failure   Level
z - Ensorcelled Hibernat  Hex/Ice        20%        N/A       10%         2
Z - Confusing Touch       Hex            19%        N/A       7%          3

Your spell library contained the following spells:

 Spells                   Type           Power      Damage    Failure   Level
 Tukima's Dance           Hex            19%        N/A       7%          3
 Animate Skeleton         Necr           2%         N/A       19%         1
 Pain                     Necr           4%         1d4       19%         1
 Dazzling Flash           Conj/Hex       20%        N/A       19%         3
 Vampiric Draining        Necr           1%         2d6       47%         3

Inventory:

Hand Weapons
 a - a +1 dagger (weapon)
Armour
 b - a +0 robe (worn)
 g - a +0 pair of gloves (worn)
 h - +0 swamp dragon scales
 l - a +2 helmet (worn)
Scrolls
 e - a scroll of magic mapping {unknown}
 i - a scroll of teleportation {unknown}
 j - 2 scrolls of identify {unknown}
 k - a scroll of enchant armour {unknown}
Potions
 c - a potion of invisibility
 d - a potion of cancellation {unknown}
 f - a potion of resistance {unknown}

Dungeon Overview and Level Annotations

Branches:
Dungeon (3/15)

Altars:
Cheibriados
Ru

▒▒▒▒ ▒▒▒▒▒ ...
..... ... ....
▒.. .... ▒.▒ ▒▒
▒▒▒▒▒ ▒.▒ ▒..
.....
▒▒▒...▒....▒)▒
▒.▒ ▒▒▒▒▒
........g. ▒6▒
▒.▒▒▒ ..........
▒.▒ ▒.▒≈▒
....?....▒ ▒.▒
▒▒.▒≈▒▒▒▒
≈........▒ ▒.▒
▒▒▒▒..≈≈...▒
≈........▒ ▒.▒
▒....≈≈.▒▒.▒
♣≈........▒ ▒.▒
▒.▒▒▒.≈.▒▒.▒
♣≈≈..<....▒
▒.▒▒▒▒.▒ ▒.≈.▒▒.▒
≈♣♣♣≈≈..▒▒▒▒.▒
▒......▒ ▒≈≈.▒▒.▒
≈≈≈≈≈........▒
▒.▒▒▒▒▒▒▒▒≈≈....▒


There were no monsters in sight!


Message History

The orc is heavily wounded.
You hit the orc but do no damage.
The orc is heavily wounded.
The orc misses you.
Unknown command.
You barely miss the orc.
The orc is heavily wounded.
The orc misses you.
Unknown command.
You hit the orc but do no damage.
The orc is heavily wounded.
The orc barely misses you.
You hit the orc.
The orc is almost dead.
The orc misses you.
You closely miss the orc.
The orc is almost dead.
The orc hits you with a +0 club.
You hit the orc but do no damage.
The orc is almost dead.
The orc hits you but does no damage.
You barely miss the orc.
The orc is almost dead.
You hit the orc.
You kill the orc!
Training target 5.0 for Hexes reached!
Your Hexes skill increases to level 5!
You need to enable at least one skill for training.
Unknown command.
Are you sure you want to abandon this character and quit the game? (Confirm with "yes".)

Action                   |  1- 3 |  4- 6 || total
-------------------------+-------+-------++-------
Melee: Dagger            |   239 |    88 ||   327
 Cast: Ensorcelled Hiber |    27 |    10 ||    37
       Confusing Touch   |     1 |       ||     1
 Stab: Sleeping          |    16 |     7 ||    23
       Confused          |     2 |       ||     2
Armor: Robe              |    45 |    23 ||    68
Dodge: Dodged            |   137 |    61 ||   198
Block: Other             |       |    21 ||    21

Levels and vault maps discovered:
D:1:      dpeg_arrival_castle, layout_basic, shapermc_ecumenical_altar_pompeii,
          serial_bayou_pond_b
D:2:      layout_basic
D:3:      layout_basic, nicolae_ru_sacrificial_ziggurat,
          mainiacjoe_overflow_24_doors, jmf_multi_god_temple,
          chequers_serial_rivers_small_a, kennysheep_boxes

Notes
Turn   | Place    | Note
-------+----------+-------------------------------------------
     0 | D:1      | sanka the Demonspawn Enchanter began the quest for the Orb.
     0 | D:1      | Reached XP level 1. HP: 13/13 MP: 3/3
    83 | D:1      | Reached skill level 1 in Short Blades
   387 | D:1      | Gained mutation: You are partially covered in rugged brown
                  | scales. (AC +1, +3% HP) [demonic ancestry]
   387 | D:1      | Reached XP level 2. HP: 9/19 MP: 5/5
   564 | D:1      | Reached skill level 2 in Short Blades
   819 | D:1      | Found a faded altar of an unknown god.
  1188 | D:1      | Learned a level 2 spell: Ensorcelled Hibernation
  1685 | D:1      | Reached XP level 3. HP: 22/24 MP: 6/6
  1709 | D:1      | Learned a level 3 spell: Confusing Touch
  3094 | D:1      | Identified +0 swamp dragon scales
  3853 | D:3      | Found a snail-covered altar of Cheibriados.
  4321 | D:3      | Reached skill level 4 in Hexes
  4321 | D:3      | Gained mutation: A meltable shield of frost defends you.
                  | (SH +4) [demonic ancestry]
  4321 | D:3      | Reached XP level 4. HP: 7/30 MP: 2/7
  4882 | D:3      | Found a sacrificial altar of Ru.
  4992 | D:3      | Gained mutation: A meltable icy envelope protects you from
                  | harm. (AC +4) [demonic ancestry]
  4992 | D:3      | Reached XP level 5. HP: 17/36 MP: 2/8
  5304 | D:3      | Reached skill level 5 in Hexes
  5304 | D:3      | Quit the game

Vanquished Creatures
  A hound (D:3)
  An orc priest (D:3)
  2 adders
  A worm (D:2)
  2 dart slugs
  4 orcs (D:3)
  4 ball pythons (D:1)
  3 endoplasms
  A giant cockroach (D:1)
  3 goblins (D:1)
  9 hobgoblins
  9 jackals
  6 kobolds
  A quokka (D:2)
  8 bats
  5 rats
60 creatures vanquished.
